Map: 16-Bit LE

Players

BEAR - Winner!

  • Race: Zerg Zerg
  • League: Master
  • Spawn Location: 1:00

DisK

  • Race: Protoss Protoss
  • League: Grandmaster
  • Spawn Location: 7:00

VOD

Have the link to the VOD?

Description

Time

  • Played on: May 26, 2018, 5:03 p.m.
  • Length: 35:36
Show
View Real Time Build Order
Export as new Build Order

BEAR Zerg - Winner!

Build Orders: Hatch First, Muta Ling Bane 

Get SALT Encoding   

  12  0:01  Drone  
  13  0:13  Overlord  
  13  0:18  Drone  
  14  0:31  Drone  
  14  0:32  Drone  
  17  0:35  Drone  
  17  0:55  Hatchery  
  16  0:57  Drone  
  16  1:01  Drone  
  18  1:10  Extractor  
  17  1:16  Spawning Pool  
  16  1:20  Drone  
  16  1:23  Drone  
  18  1:30  Drone  
  19  1:39  Drone  
  20  1:52  Drone  
  21  2:02  Hatchery  
  21  2:04  Drone  
  21  2:07  Drone  
  22  2:12  Drone  
  23  2:16  Queen  
  23  2:19  Drone  
  26  2:25  Overlord  
  26  2:30  Metabolic Boost  
  26  2:37  Zergling x4  
  28  2:47  Drone  
  28  2:49  Drone  
  28  2:50  Drone  
  31  2:52  Queen  
  33  3:01  Overlord  
  33  3:04  Drone  
  33  3:05  Drone  
  35  3:14  Zergling x4  
  35  3:18  Zergling x2  
  39  3:27  Drone x5  
  43  3:38  Drone  
  43  3:39  Drone x3  
  46  3:42  Queen  
  46  3:43  Queen  
  46  3:44  Spore Crawler  
  46  3:45  Spore Crawler  
  46  3:47  Drone  
  49  3:49  Evolution Chamber  
  49  3:53  Overlord  
  45  4:08  Drone x5  
  50  4:10  Overlord  
  50  4:15  Drone x2  
  50  4:16  Drone x2, Zerg Melee Weapons Level 1  
  54  4:19  Drone  
  54  4:23  Overlord  
  55  4:28  Overlord  
  55  4:33  Spore Crawler  
  55  4:36  Queen  
  55  4:38  Drone x3  
  59  4:41  Extractor  
  59  4:42  Extractor  
  56  4:57  Zergling x20  
  56  4:58  Zergling x2  
  64  5:01  Drone x2  
  64  5:05  Lair  
  66  5:10  Extractor  
  63  5:23  Drone  
  63  5:24  Drone x7  
  63  5:25  Pneumatized Carapace  
  71  5:30  Drone  
  72  5:36  Overlord x2  
  72  5:40  Hatchery  
  71  5:44  Drone x3  
  71  5:46  Overlord x3  
  72  5:54  Drone x5  
  72  5:59  Drone x2  
  72  6:01  Drone x2  
  72  6:03  Drone x2  
  74  6:07  Hydralisk Den, Overseer  
  73  6:12  Zergling x2  
  73  6:13  Zergling x2  
  73  6:17  Drone x6  
  80  6:20  Zerg Melee Weapons Level 2  
  80  6:33  Zergling x14  
  80  6:34  Baneling Nest  
  80  6:36  Queen, Extractor x2  
  80  6:38  Grooved Spines  
  86  6:49  Overlord x3  
  86  6:50  Queen  
  86  6:52  Queen  
  90  6:59  Drone x4  
  94  7:01  Zergling x10  
  99  7:15  Drone x12  
  111  7:20  Centrifical Hooks  
  111  7:21  Infestation Pit  
  110  7:37  Spore Crawler, Hydralisk x4  
  110  7:43  Infestation Pit  
  117  7:45  Spire  
  117  7:46  Overseer  
  117  7:48  Extractor  
  117  7:49  Extractor  
  114  7:52  Zergling x14  
  121  8:05  Hydralisk x6  
  122  8:09  Burrow, Muscular Augments, Hive  
  132  8:23  Overlord x5  
  132  8:25  Drone x4  
  135  8:43  Hydralisk x10  
  152  8:48  Baneling x2  
  152  8:49  Baneling x9  
  152  8:51  Drone x3  
  155  9:02  Baneling x2  
  155  9:03  Baneling x2  
  155  9:12  Hydralisk x7  
  169  9:19  Hatchery  
  168  9:31  Mutalisk, Greater Spire  
  168  9:32  Mutalisk x3  
  168  9:38  Spine Crawler  
  168  9:41  Overlord, Spine Crawler  
  168  9:42  Overlord x3  
  168  9:44  Overseer  
  166  9:46  Adrenal Glands  
  166  9:48  Zerg Melee Weapons Level 3  
  166  9:58  Overseer  
  166  10:06  Corruptor x3  
  172  10:08  Zergling x12  
  172  10:09  Zergling x10  
  182  10:27  Corruptor x5  
  192  10:38  Drone x3  
  195  10:50  Spore Crawler  
  195  10:52  Mutalisk x2  
  195  10:53  Spine Crawler x2  
  196  11:03  Zerg Flyer Armor Level 1  
  191  11:05  Brood Lord x3  
  196  11:17  Brood Lord  
  196  11:29  Baneling x9  
  196  11:30  Baneling x3  
  195  11:37  Brood Lord  
  197  11:43  Spine Crawler  
  197  11:44  Spine Crawler  
  195  11:48  Brood Lord x2  
  156  12:23  Zergling x12  
  156  12:26  Hydralisk x10  
  161  12:31  Corruptor x4  
  161  12:33  Zergling x20  
  161  12:34  Zergling x14  
  161  12:36  Zergling x26  
  161  12:37  Zergling x2  
  171  12:53  Zergling x18  
  164  12:58  Zergling x26  
  164  13:04  Hydralisk x7  
  178  13:11  Baneling x13  
  174  13:13  Zergling x4  
  174  13:17  Ultralisk Cavern  
  173  13:26  Viper  
  174  13:31  Drone  
  174  13:32  Drone x3  
  178  13:36  Baneling  
  178  13:42  Corruptor  
  178  13:43  Corruptor x3  
  185  13:54  Extractor  
  184  13:56  Extractor  
  183  14:05  Chitinous Plating  
  183  14:07  Zerg Flyer Armor Level 2, Corruptor  
  177  14:44  Spore Crawler x2  
  177  14:45  Spore Crawler  
  174  14:46  Spore Crawler  
  173  14:54  Hatchery  
  172  15:03  Brood Lord  
  172  15:04  Brood Lord x7  
  188  15:14  Zergling x22  
  199  15:20  Hatchery  
  195  15:48  Zerg Ground Armor Level 1  
  181  15:50  Evolution Chamber, Drone x2  
  182  16:10  Brood Lord  
  184  16:12  Ultralisk x2  
  196  16:30  Spine Crawler x2  
  196  16:31  Spine Crawler  
  193  16:33  Spine Crawler  
  193  16:34  Zerg Flyer Armor Level 3, Spine Crawler  
  191  16:41  Ultralisk  
  191  16:42  Zergling x4  
  193  16:52  Baneling x6  
  193  16:53  Baneling x2  
  193  16:54  Overseer x2  
  193  16:56  Zerg Missile Weapons Level 1  
  160  17:30  Hatchery  
  160  17:35  Infestor, Pathogen Glands  
  160  17:36  Infestor x6  
  173  17:39  Queen, Zergling x42  
  173  17:40  Queen  
  196  17:59  Spore Crawler  
  196  18:01  Spore Crawler x2  
  196  18:02  Spore Crawler  
  196  18:03  Spore Crawler  
  186  18:12  Queen x3  
  192  18:18  Drone x4  
  192  18:19  Drone x4  
  197  18:35  Zerg Ground Armor Level 2  
  197  18:38  Spore Crawler, Spine Crawler x2  
  197  18:41  Spine Crawler  
  193  18:52  Spore Crawler  
  193  18:53  Spore Crawler  
  179  19:06  Baneling x2  
  179  19:09  Corruptor x10  
  199  19:33  Extractor  
  199  19:34  Spine Crawler, Extractor  
  199  19:36  Spine Crawler  
  199  19:37  Spine Crawler  
  194  19:48  Neural Parasite, Zerg Flyer Weapons Level 1  
  194  19:50  Drone x3  
  197  19:53  Spore Crawler, Drone x4, Spine Crawler  
  187  20:30  Spine Crawler  
  187  20:31  Spine Crawler  
  179  20:36  Corruptor x10  
  198  21:18  Spore Crawler  
  198  21:19  Hatchery  
  198  21:20  Spine Crawler  
  191  21:32  Corruptor x9  
  144  21:33  Corruptor x4  
  144  21:37  Corruptor  
  163  21:40  Zergling x18  
  169  21:51  Zergling x14  
  166  22:00  Corruptor  
  154  22:03  Zergling x6  
  147  22:11  Drone  
  147  22:12  Drone x4  
  148  22:22  Brood Lord  
  150  22:33  Infestor, Baneling x2  
  150  22:34  Infestor x2  
  156  22:49  Infestor  
  158  22:58  Queen x3  
  158  23:02  Spore Crawler  
  163  23:08  Infestor, Extractor  
  163  23:09  Extractor  
  163  23:18  Queen x2  
  167  23:20  Drone x2  
  167  23:22  Spore Crawler  
  167  23:23  Spore Crawler  
  167  23:25  Extractor  
  166  23:33  Mutalisk  
  166  23:34  Mutalisk  
  165  23:44  Queen x3  
  171  23:52  Corruptor  
  173  24:20  Zerg Flyer Weapons Level 2  
  173  24:23  Ultralisk  
  179  24:40  Queen x2  
  179  24:41  Queen  
  185  25:02  Hatchery  
  185  25:06  Spore Crawler x2  
  182  25:07  Spore Crawler x2  
  177  25:29  Corruptor x8  
  193  25:42  Drone x3  
  196  26:01  Spore Crawler  
  196  26:03  Spine Crawler  
  193  26:05  Spine Crawler  
  193  26:08  Spine Crawler  
  193  26:10  Spine Crawler  
  193  26:11  Spine Crawler  
  189  26:12  Spine Crawler  
  187  26:27  Drone x2  
  187  26:28  Drone x10  
  191  26:57  Baneling  
  191  26:58  Baneling x5  
  191  26:59  Mutalisk x4  
  199  27:08  Spore Crawler  
  199  27:09  Spore Crawler  
  181  27:48  Drone x6  
  187  28:01  Ultralisk x2  
  187  28:22  Zergling x22  
  187  28:24  Spine Crawler  
  187  28:26  Spine Crawler x2  
  194  28:28  Spine Crawler  
  194  28:33  Brood Lord x4  
  196  28:41  Drone x7  
  186  29:22  Ultralisk  
  165  29:47  Brood Lord x3  
  165  29:51  Overlord x5  
  171  29:58  Spine Crawler  
  170  30:00  Spine Crawler x2  
  116  30:45  Corruptor x8  
  122  30:58  Queen x5  
  104  31:21  Infestor  
  106  31:34  Queen x3  
  112  31:41  Infestor  
  112  31:42  Queen x2  
  118  31:48  Hatchery  
  113  32:21  Infestor x2  
  115  32:35  Extractor  
  114  32:40  Spawning Pool  
  114  32:41  Extractor  
  112  32:45  Extractor  
  112  32:46  Extractor  
  105  33:07  Drone  
  105  33:10  Drone x5  
  103  33:24  Drone  
  104  33:29  Drone x2  
  106  33:40  Lair  
  106  33:42  Zergling x14  
  106  33:43  Zergling x30  
  106  33:46  Overlord x3  
  128  34:04  Queen x3  
  134  34:33  Drone x3  
  134  34:37  Infestor x3  
  137  34:39  Queen x2  
  137  34:40  Drone x3  
  137  34:41  Infestation Pit  
  137  34:42  Queen x2  
  149  34:45  Zergling x10  
  152  34:59  Hydralisk Den  
  147  35:09  Overlord x5  
Show
View Real Time Build Order
Export as new Build Order

DisK Protoss 

Build Orders: 1 Gate Expand, Oracle Opening, Zealot Archon 

Get SALT Encoding   

  12  0:00  Probe  
  13  0:12  Probe  
  14  0:18  Pylon  
  14  0:24  Probe  
  15  0:32  Probe  
  15  0:40  Probe  
  15  0:41  Gateway  
  16  0:49  Assimilator  
  17  0:55  Probe  
  18  1:07  Probe  
  19  1:27  Nexus  
  19  1:34  Cybernetics Core  
  19  1:38  Probe  
  20  1:51  Probe  
  20  1:52  Assimilator  
  20  1:54  Pylon  
  21  2:02  Probe  
  22  2:10  Probe  
  23  2:20  Stargate  
  23  2:22  Probe  
  23  2:23  Adept  
  26  2:33  Warp Gate  
  26  2:35  Probe x2  
  27  2:43  Probe  
  28  2:47  Probe  
  30  2:53  Oracle, Adept, Probe  
  33  2:59  Probe  
  37  3:05  Probe  
  37  3:11  Probe  
  39  3:17  Probe  
  40  3:23  Pylon, Probe  
  41  3:30  Probe  
  42  3:35  Probe  
  42  3:39  Oracle  
  43  3:42  Probe  
  43  3:45  Shield Battery  
  43  3:47  Probe  
  48  3:51  Pylon  
  48  3:54  Probe  
  49  3:56  Gateway  
  49  3:57  Gateway  
  49  4:02  Probe  
  50  4:06  Probe  
  51  4:14  Phoenix, Probe  
  52  4:18  Probe  
  52  4:21  Assimilator  
  52  4:22  Assimilator  
  55  4:26  Probe  
  55  4:30  Pylon  
  56  4:35  Nexus  
  56  4:38  Pylon  
  56  4:40  Pylon  
  56  4:41  Probe x2  
  56  4:45  Adept  
  60  4:49  Pylon  
  58  5:02  Probe x2  
  60  5:07  Twilight Council  
  60  5:10  Robotics Facility  
  60  5:13  Probe x2  
  60  5:14  Forge  
  62  5:21  Sentry x2, Probe x2  
  62  5:22  Zealot  
  70  5:31  Probe x2  
  72  5:40  Gateway  
  72  5:41  Gateway  
  72  5:42  Probe  
  72  5:43  Probe  
  72  5:47  Charge  
  72  5:48  Zealot x2  
  72  5:49  Protoss Ground Weapons Level 1  
  78  5:54  Zealot  
  78  5:55  Probe x3  
  75  6:05  Assimilator x2  
  75  6:07  Templar Archives, Probe x3  
  78  6:22  Warp Prism  
  78  6:24  Probe x3  
  78  6:25  Gateway  
  81  6:28  Gateway  
  81  6:30  Gateway  
  86  6:41  Pylon  
  86  6:43  Pylon x2  
  86  6:45  Stalker  
  85  6:47  Stalker x2  
  85  6:50  High Templar  
  85  6:51  High Templar  
  93  6:55  Archon, Psionic Storm  
  93  6:58  Probe, Photon Cannon  
  93  6:59  Probe x2  
  96  7:04  Immortal  
  100  7:21  Robotics Facility, Protoss Ground Weapons Level 2  
  100  7:24  Gateway  
  100  7:25  Gateway  
  100  7:26  High Templar x2  
  100  7:28  High Templar x2  
  108  7:32  Archon  
  108  7:33  Archon  
  108  7:34  Zealot x4  
  116  7:38  Probe x2, Photon Cannon  
  116  7:39  Probe  
  116  7:42  Pylon  
  119  7:47  Observer  
  119  7:50  Probe  
  121  7:53  Photon Cannon  
  121  8:07  Immortal  
  121  8:08  Immortal  
  121  8:19  Nexus  
  129  8:20  High Templar x2  
  129  8:24  Pylon x2  
  129  8:25  Pylon  
  132  8:27  Pylon  
  132  8:31  Pylon  
  132  8:36  Dark Shrine  
  132  8:40  Pylon  
  132  8:42  Pylon  
  132  8:46  High Templar x2  
  132  8:47  Zealot x3  
  132  8:48  Zealot  
  144  8:49  Immortal  
  148  9:09  Nexus  
  148  9:10  Pylon  
  142  9:20  Pylon  
  142  9:23  Blink  
  142  9:26  Protoss Ground Weapons Level 3  
  138  9:31  Immortal  
  138  9:34  Immortal  
  138  9:37  High Templar x2  
  142  9:42  Photon Cannon  
  142  9:44  Photon Cannon  
  150  9:46  Assimilator  
  150  9:50  Zealot x2  
  150  9:51  Zealot x2, Assimilator  
  158  9:54  Zealot x3  
  164  10:00  Pylon  
  164  10:09  Stargate  
  162  10:17  Fleet Beacon, Dark Templar x2  
  162  10:19  Pylon  
  166  10:26  Oracle  
  169  10:33  Photon Cannon  
  169  10:37  Shield Battery  
  169  10:38  Photon Cannon  
  169  10:41  Photon Cannon  
  169  10:43  Photon Cannon  
  169  10:47  Archon  
  169  10:49  High Templar x2  
  167  10:53  Archon  
  167  10:58  Photon Cannon  
  163  11:14  High Templar x3  
  163  11:15  High Templar  
  171  11:19  Archon  
  171  11:20  Archon, Zealot  
  171  11:21  Zealot x2  
  171  11:23  Tempest x2  
  171  11:25  Protoss Air Weapons Level 1, Warp Prism  
  179  11:38  Zealot  
  193  11:47  Pylon  
  193  11:49  Dark Templar  
  193  11:50  Pylon, Dark Templar  
  178  12:25  Tempest x2  
  164  12:32  Stalker  
  164  12:33  Stalker x8  
  164  12:34  Stalker  
  192  12:37  Archon  
  192  12:38  Archon  
  192  12:42  Photon Cannon  
  192  12:44  Photon Cannon  
  162  13:10  Carrier  
  162  13:13  Nexus  
  162  13:15  Shield Battery  
  162  13:17  Shield Battery, High Templar x5  
  162  13:18  Zealot x4  
  162  13:19  Zealot  
  182  13:26  Photon Cannon  
  188  13:30  Assimilator  
  188  13:32  Photon Cannon  
  188  13:33  Photon Cannon  
  188  13:35  Assimilator  
  188  13:41  Carrier  
  188  13:46  Stalker x2  
  192  13:51  Graviton Catapult  
  196  14:09  Mothership  
  195  14:21  Dark Templar x2  
  199  14:38  Robotics Bay  
  199  14:42  Oracle  
  199  14:43  Observer  
  193  14:46  Nexus  
  193  14:48  Pylon  
  193  14:49  Observer  
  193  14:50  Pylon  
  193  14:51  Assimilator  
  198  14:53  Assimilator  
  198  14:59  Dark Templar  
  200  15:11  Carrier  
  200  15:12  Protoss Shields Level 1  
  200  15:13  Protoss Air Weapons Level 2  
  200  15:16  Photon Cannon  
  200  15:18  Photon Cannon  
  200  15:19  Photon Cannon  
  200  15:21  Photon Cannon  
  192  15:23  Shield Battery  
  192  15:24  Shield Battery  
  196  15:50  Observer Gravitic Boosters  
  194  16:04  Photon Cannon  
  194  16:09  Photon Cannon  
  194  16:13  Photon Cannon x2  
  194  16:17  Dark Templar x4  
  200  16:25  Photon Cannon  
  199  16:26  Photon Cannon  
  199  16:30  Shield Battery x2  
  199  16:32  Shield Battery  
  187  16:54  Gravitic Drive  
  187  16:59  Carrier  
  187  17:00  Carrier  
  187  17:02  Zealot x4, Protoss Shields Level 2  
  187  17:03  Zealot x4  
  196  17:12  Protoss Air Weapons Level 3  
  169  17:24  High Templar x3  
  169  17:25  High Templar x3  
  169  17:27  Zealot x4  
  169  17:29  Archon x2  
  189  17:30  Archon  
  189  17:44  Observer x2  
  189  18:05  Nexus  
  187  18:14  Pylon  
  187  18:17  Pylon  
  187  18:18  Dark Templar x2  
  187  18:19  Dark Templar  
  193  18:21  High Templar  
  193  18:22  High Templar  
  197  18:33  Zealot x4  
  199  18:39  Oracle  
  198  19:11  Assimilator  
  198  19:14  Protoss Shields Level 3  
  198  19:15  Assimilator  
  198  19:19  Photon Cannon  
  198  19:21  Photon Cannon  
  198  19:23  Photon Cannon  
  198  19:25  Photon Cannon  
  198  19:27  Photon Cannon  
  198  19:28  Warp Prism  
  198  19:29  Photon Cannon  
  198  19:31  Shield Battery  
  198  19:32  Shield Battery  
  198  19:35  Shield Battery  
  192  19:39  Protoss Air Armor Level 1  
  192  19:42  Dark Templar x3  
  198  19:48  Pylon  
  198  19:52  Pylon  
  198  19:58  Pylon  
  192  20:07  Pylon  
  192  20:09  Pylon  
  189  20:16  Carrier  
  189  20:17  Oracle  
  180  20:46  Zealot x9  
  180  20:47  Zealot  
  157  21:40  Zealot  
  157  21:41  Zealot x7  
  157  21:42  Zealot x2  
  157  21:45  Carrier x2  
  117  22:14  High Templar x6  
  117  22:15  High Templar  
  127  22:19  Archon x3  
  127  22:21  Zealot  
  127  22:22  Zealot  
  127  22:34  High Templar  
  127  22:50  Observer  
  128  22:57  Zealot x3, High Templar  
  128  22:58  Zealot x3  
  140  23:15  Nexus  
  140  23:19  Zealot x3  
  146  23:20  Zealot x3  
  146  23:22  Pylon  
  152  23:28  Oracle, High Templar x2  
  152  23:32  Archon  
  153  23:54  Zealot x3  
  153  23:55  Zealot x3  
  163  24:01  High Templar  
  163  24:02  High Templar  
  163  24:05  Void Ray  
  163  24:08  Zealot x2  
  167  24:14  Archon  
  171  24:34  Void Ray  
  171  24:35  Photon Cannon  
  171  24:36  Photon Cannon  
  171  24:37  Void Ray  
  171  24:38  Photon Cannon  
  179  25:05  Void Ray  
  160  25:19  Zealot x5  
  173  25:30  Zealot x3  
  173  25:32  Void Ray  
  183  25:59  Carrier  
  167  26:16  Zealot x2  
  167  26:17  Zealot x4  
  179  26:30  Nexus  
  185  26:36  Oracle  
  185  26:37  Zealot x4  
  185  26:38  Zealot  
  185  26:39  Zealot x2  
  189  27:03  Observer  
  168  28:08  High Templar x2  
  168  28:10  Zealot x2  
  168  28:11  Zealot x3  
  182  28:13  Archon  
  180  28:43  Void Ray x2  
  63  31:13  Void Ray  
  63  31:19  Zealot x2  
  71  31:31  Stalker x2  
  68  32:23  High Templar  
  70  32:36  High Templar  
  72  33:26  High Templar  
  74  33:35  Nexus  
  74  33:36  Pylon  
  74  33:44  High Templar  
  73  34:36  Probe  
Tags
 
Add a new tag
Caveats
  • Supply blocks, unpowered buildings, or Contaminate may cause inaccurate times.
  • Supply counts are checked every 10 seconds.